 Dungeon Crawl Stone Soup version 0.31-a0-981-geadf994542 (webtiles) character file.

Game seed: 102476432794811921

1622716 freelancePsychic the Rapturous (level 26, 288/288 HPs)
             Began as a Demonspawn Delver on Oct 31, 2023.
             Was a Follower of Uskayaw.
             Escaped with the Orb
             ... and 3 runes!
             The game lasted 01:54:57 (73233 turns).

freelancePsychic the Rapturous (Demonspawn Delver) Turns: 73233, Time: 01:54:58

Health: 288/288    AC: 45    Str: 18    XL:     26   Next: 31%
Magic:  38/38      EV: 19    Int: 23    God:    Uskayaw [*.....]
Gold:   5165       SH:  4    Dex: 18    Spells: 38/45 levels left

rFire   + + .        a - +8 pair of quick blades "Gyre" and "Gimble" {protect}
rCold   + + .        (shield currently unavailable)
rNeg    . . .        q - +4 gold dragon scales
rPois   +            (helmet unavailable)
rElec   +            u - +2 cloak
rCorr   .            W - +2 pair of gloves
SInv    +            y - +1 pair of boots of the Past {Slay+2}
Will    +....        B - amulet "Picigg" {Faith rC+} Stlth
                     r - ring of the Hare {EV+10}
HPRegen 0.68/turn    X - ring "Hajehy" {rElec rPois SInv Stlth+}
MPRegen 0.26/turn

%: faith, wizardry (x1)
@: studying 2 skills
A: antennae 3, demonic guardian 2, icemail 2, robust 3, big brain 3,
condensation shield, clever 1, fire resistance 1, passive freeze, MP-powered
wands
0: Orb of Zot
}: 3/15 runes: decaying, serpentine, silver
a: Renounce Religion, Stomp


You escaped.
You worshipped Uskayaw.
Uskayaw was greatly pleased with you.
You visited 9 branches of the dungeon, and saw 47 of its levels.
You visited the Abyss 2 times.
You visited 1 bazaar.
You also visited: Ice Cave and Desolation.

You collected 8537 gold pieces.
You spent 3372 gold pieces at shops.

Inventory:

Hand Weapons
 a - the +8 pair of quick blades "Gyre" and "Gimble" (weapon) {protect}
   (You acquired it on level 10 of the Dungeon)
 b - the +8 Vampire's Tooth {megavamp}
   (You found it on level 2 of the Depths)
Missiles
 m - 15 curare-tipped darts (quivered)
 L - 6 throwing nets
Armour
 q - +4 gold dragon scales (worn)
 u - a +2 cloak (worn)
 v - a +0 kite shield of cold resistance
 y - the +1 pair of boots of the Past (worn) {Slay+2}
   (You bought it in a shop in a bazaar)

   Slay+2:    It affects your accuracy & damage with ranged weapons and melee
   (+2).
 F - a scarf of resistance
 W - a +2 pair of gloves (worn)
Jewellery
 r - the ring of the Hare (left hand) {EV+10}
   (You bought it in a shop on level 11 of the Dungeon)

   [ring of evasion]

   EV+10:     It affects your evasion (+10).
 B - the amulet "Picigg" (around neck) {Faith rC+}
   (You found it in the Desolation of Salt)

   [amulet of faith]

   Faith:     It allows you to gain divine favour quickly.
   rC+:       It protects you from cold.
 P - the ring of the Mage {Wiz Archmagi}
   (You found it on level 5 of the Vaults)

   [ring of wizardry]

   Wiz:       It improves your spell success rate.
   Archmagi:  It increases the power of your magical spells.
 X - the ring "Hajehy" (right hand) {rElec rPois SInv Stlth+}
   (You took it off an orc on level 10 of the Dungeon)

   [ring of see invisible]

   rElec:     It insulates you from electricity.
   rPois:     It protects you from poison SInv: It lets you see invisible.
   Stlth+:    It makes you more stealthy.
Talismans
 e - a talisman of death
Wands
 g - a wand of digging (8)
 h - a wand of light (34)
 i - a wand of paralysis (64)
 l - a wand of flame (204)
 n - a wand of mindburst (20)
 N - a wand of roots (47)
Scrolls
 j - 3 scrolls of brand weapon
 k - a scroll of blinking
 t - 14 scrolls of teleportation {@r4}
 x - 6 scrolls of immolation
 C - 4 scrolls of poison
 D - 20 scrolls of identify {@r1}
 E - 2 scrolls of silence
 G - 6 scrolls of enchant weapon
 H - 11 scrolls of revelation
 J - 5 scrolls of fear
 K - 12 scrolls of amnesia
 O - 2 scrolls of vulnerability
 Q - a scroll of summoning
 U - 5 scrolls of torment
Potions
 f - 6 potions of haste {@q3}
 o - 17 potions of curing {@q1}
 w - 10 potions of might
 z - 4 potions of attraction
 A - 12 potions of brilliance
 I - 2 potions of cancellation
 M - 7 potions of magic
 R - 9 potions of resistance
 S - 6 potions of invisibility
 T - 10 potions of enlightenment
 V - 9 potions of lignification
 Y - 8 potions of mutation
Miscellaneous
 d - a lightning rod (4/4)
 Z - a phantom mirror


   Skills:
 + Level 21.3 Fighting
 - Level 14.0 Short Blades
 - Level 10.1(10.9) Axes
 - Level 6.1(8.9) Maces & Flails
 - Level 1.5(6.5) Polearms
 + Level 19.4 Armour
 - Level 12.0 Dodging
 - Level 4.5 Stealth
 - Level 10.0 Spellcasting
 - Level 16.0 Conjurations
 - Level 16.0 Transmutations
 + Level 23.0 Invocations
 - Level 6.9 Evocations
 - Level 8.4 Shapeshifting


You had 38 spell levels left.
You knew the following spells:

 Your Spells              Type           Power      Damage    Failure   Level
a - Wereblood             Tmut           71%        N/A       1%          2
h - Irradiate             Conj/Tmut      35%        3d23      3%          5

Your spell library contained the following spells:

 Spells                   Type           Power      Damage    Failure   Level
 Foxfire                  Conj/Fire      100%       2x1d9     3%          1
 Shock                    Conj/Air       100%       1d9       3%          1
 Sting                    Tmut/Pois      100%       1d8       3%          1
 Iskenderun's Battlesphe  Conj           71%        2d12      3%          5
 Static Discharge         Conj/Air       96%        3-7/arc   5%          2
 Hailstorm                Conj/Ice       48%        3d11      11%         3
 Stone Arrow              Conj/Erth      96%        3d13      11%         3
 Ignite Poison            Fire/Tmut/Pois 36%        N/A       30%         3
 Flame Wave               Conj/Fire      48%        2d12      32%         4
 Petrify                  Tmut/Erth      48%        N/A       32%         4
 Sticky Flame             Conj/Fire      48%        2d7       32%         4
 Apportation              Tloc           22%        N/A       63%         1
 Necrotise                Necr           44%        1d6       63%         1
 Slow                     Hex            44%        N/A       63%         1
 Summon Small Mammal      Summ           44%        N/A       63%         1
 Alistair's Intoxication  Tmut/Pois      32%        N/A       65%         5
 Yara's Violent Unravell  Hex/Tmut       24%        3d11      65%         5
 Orb of Destruction       Conj           35%        9d10      69%         7
 Cigotuvi's Dreadful Rot  Necr/Pois/Air  22%        N/A       77%         2
 Ensorcelled Hibernation  Hex/Ice        22%        N/A       77%         2
 Jinxbite                 Hex            22%        N/A       77%         2
 Poisonous Vapours        Pois/Air       22%        N/A       77%         2
 Scorch                   Fire           22%        2d5       77%         2
 Sublimation of Blood     Necr           11%        N/A       77%         2
 Call Canine Familiar     Summ           11%        N/A       92%         3
 Frozen Ramparts          Ice            22%        1d4       92%         3
 Gell's Gravitas          Tloc           11%        N/A       92%         3
 Inner Flame              Hex/Fire       11%        N/A       92%         3
 Sigil of Binding         Hex            11%        N/A       92%         3
 Summon Guardian Golem    Hex/Summ       11%        N/A       92%         3
 Swiftness                Air            11%        N/A       92%         3
 Teleport Other           Tloc           11%        N/A       92%         3
 Tukima's Dance           Hex            11%        N/A       92%         3
 Bombard                  Conj/Erth      24%        9d5       99%         6
 Starburst                Conj/Fire      24%        6d8       99%         6
 Airstrike                Air            5%         2d(1-17)  100%        4
 Anguish                  Hex/Necr       5%         N/A       100%        4
 Animate Armour           Summ/Erth      22%        N/A       100%        4
 Animate Dead             Necr           11%        N/A       100%        4
 Cause Fear               Hex            5%         N/A       100%        4
 Dimensional Bullseye     Hex/Tloc       5%         N/A       100%        4
 Dispel Undead            Necr           11%        3d9       100%        4
 Leda's Liquefaction      Hex/Erth       5%         N/A       100%        4
 Olgreb's Toxic Radiance  Pois           11%        N/A       100%        4
 Passage of Golubria      Tloc           11%        N/A       100%        4
 Summon Ice Beast         Ice/Summ       11%        N/A       100%        4
 Summon Lightning Spire   Summ/Air       11%        N/A       100%        4
 Lee's Rapid Deconstruct  Erth           5%         3d6*      100%        5
 Metabolic Englaciation   Hex/Ice        5%         N/A       100%        5
 Silence                  Hex/Air        5%         N/A       100%        5
 Summon Forest            Summ/Tloc      5%         N/A       100%        5
 Summon Mana Viper        Hex/Summ       11%        N/A       100%        5
 Death Channel            Necr           5%         N/A       100%        6
 Dispersal                Tloc           5%         N/A       100%        6
 Plasma Beam              Fire/Air       5%         2x1d16    100%        6
 Simulacrum               Ice/Necr       5%         N/A       100%        6
 Summon Cactus Giant      Summ           5%         N/A       100%        6
 Haunt                    Necr/Summ      5%         N/A       100%        7
 Malign Gateway           Summ/Tloc      5%         N/A       100%        7
 Monstrous Menagerie      Summ           5%         N/A       100%        7
 Spellforged Servitor     Conj/Summ      24%        N/A       100%        7
 Summon Hydra             Summ           5%         N/A       100%        7
 Discord                  Hex            5%         N/A       100%        8
 Infestation              Necr           5%         N/A       100%        8
 Lehudib's Crystal Spear  Conj/Erth      24%        10d7      100%        8
 Summon Horrible Things   Summ           5%         N/A       100%        8


Dungeon Overview and Level Annotations

Branches:
Dungeon (15/15)            Temple (0/1) D:6            Lair (5/5) D:8
  Swamp (4/4) Lair:2        Snake (4/4) Lair:2        Slime (0/5) Lair:4
    Orc (2/2) D:12            Elf (3/3) Orc:2        Vaults (5/5) D:13
  Crypt (0/3) Vaults:3     Depths (4/4) D:15            Zot (5/5) Depths:4
  IceCv (visited)         Desolation (visited)

Altars:
Ashenzari
Cheibriados
Dithmenos
Fedhas
Gozag
Hepliaklqana
Kikubaaqudgha
Makhleb
Nemelex Xobeh
Ru
Trog
Uskayaw
Vehumet
Wu Jian
Yredelemnul

Shops:
D:6 *   D:11 =   Orc:2 (*![   Elf:3 (   Snake:4 :=:   Vaults:1 :   Vaults:3 !
Depths:2 *   Depths:4 **:*[

Portals:
Hell: Depths:1 Depths:2 Depths:3 Depths:4
Abyss: Depths:1 Depths:2 Depths:3
Pandemonium: Depths:2 Depths:4
Ziggurat: Depths:3
Trove: D:11 (give 11 potions of heal wounds)

Annotations:
D:2 1 runed translucent door, Crazy Yiuf
D:4 1 runed translucent door, ytrimaz's ghost, amateur OpSh
D:6 Grinder
D:10 3 runed translucent doors, wally255's ghost, novice TrFi
Lair:2 2 transporters, exclusion: 2 oklob plants
Lair:5 exclusion: obsidian statue
Elf:2 3 runed translucent doors
Depths:3 2 transporters
Zot:1 2 transporters, Feng's ghost, veteran OgBe


Innate Abilities, Weirdness & Mutations

You have a pair of large antennae on your head. (SInv)
A demonic guardian rushes to your aid.
A meltable icy envelope protects you from harm. (AC +8)
You are extremely robust. (+30% HP)
You have an absolutely massive brain. (Int +6, Wiz)
A meltable shield of frost defends you. (SH +4)
Your mind is acute. (Int +4, Str/Dex -1)
Your flesh is heat resistant. (rF+)
A frigid envelope surrounds you and freezes all who hurt you.
You expend magic power (3 MP) to strengthen your wands.


Message History

A shadow demon comes into view.
You puncture the chaos spawn!
You kill the chaos spawn!
The chaos spawn degenerates into a cloud of primal chaos!
The shadow demon closely misses you.
You hit the shadow demon. x2
You hit the shadow demon but do no damage.
You barely miss the shadow demon.
The shadow demon is lightly wounded.
You hit the shadow demon but do no damage.
You puncture the shadow demon! You hit the shadow demon. x2
The shadow demon is heavily wounded.
The shadow demon hits you but does no damage.
The shadow demon resists.
The shadow demon is very cold.
The shadow demon is heavily wounded.
Uskayaw will force your foes to share their pain.
You barely miss the shadow demon. You puncture the shadow demon!
You hit the shadow demon.
You hit the shadow demon but do no damage.
The shadow demon is severely wounded.
You closely miss the shadow demon. You completely miss the shadow demon.
You hit the shadow demon. x2
The shadow demon is almost dead.
The shadow demon barely misses you.
You hit the shadow demon. x2
You kill the shadow demon!
No target in view!
No target in view!
No target in view!
No target in view!
No target in view!
No target in view!
No target in view!
No target in view!
No target in view!
What level of the Dungeon? (default 1, ? - help)
Your icy envelope is restored.
There is a staircase leading out of the dungeon here.
Unknown command.
You have escaped!

# ############# #
#...........###### #
#.###..>.........# # #.#
#.#####.####.# #########.#
#.# #.# #.# ..........#
#.# #.# #.# ###########
### #.# #.#
♣♣♣♣♣♣♣♣♣♣♣♣♣♣♣♣♣♣#.####.#
♣...♣..♣♣...♣..♣@♣#....#.#
..♣...♣♣.♣♣..♣♣..♣####.#.#
.♣.....♣.♣..♣..♣.♣ #.#.#
.♣♣.♣♣..♣♣.♣♣♣♣..♣ ###.#.#
.♣...♣..♣.♣...♣♣.♣ #.....#
♣..♣)..♣♣.♣♣♣.♣.♣♣##.#.#.#
....♣..♣.♣.♣♣♣..♣♣#......#
......♣♣.♣♣..♣♣♣.♣##.#.#.#
..♣...♣.♣♣.♣...♣.♣ #.....#


There were no monsters in sight!

Vanquished Creatures
  7 dread liches
  Tiamat (Zot:2)
  4 ancient liches
  7 orbs of fire
  4 Killer Klowns
  Saint Roka (Snake:2)
  2 pandemonium lords
  Jory (Depths:3)
  5 golden dragons
  A bone dragon (Depths:4)
  4 electric golems
  A hellephant (Abyss:3)
  Jorgrun (Swamp:1)
  A walking crystal tome (Depths:2)
  26 Orb Guardians
  18 tentacled monstrosities
  Asterion (Snake:2)
  4 liches
  9 titans
  A deep elf blademaster (Elf:3)
  6 sphinxes
  A deep elf master archer (Elf:3)
  A tentacled starspawn (Abyss:5)
  A kraken (Swamp:2)
  5 quicksilver dragons
  8 death cobs
  8 tengu reavers
  A thorn hunter (Swamp:4)
  12 storm dragons
  Kirke (Snake:2)
  10 shadow dragons
  6 nagarajas (Snake:4)
  6 draconian monks
  3 draconian knights
  9 fire giants
  6 deep elf sorcerers
  21 vault wardens
  A daeva (Abyss:3)
  20 frost giants
  A ghost moth (Zot:1)
  4 orc warlords
  3 draconian scorchers
  5 draconian shifters
  5 deep elf elementalists (Elf:3)
  3 draconian stormcallers
  2 cacodemons
  7 war gargoyles
  13 ironbound preservers
  2 demonspawn corrupters
  A demonspawn blood saint (Depths:1)
  5 draconian annihilators
  9 stone giants
  10 very ugly things
  A formless jellyfish (Vaults:2)
  6 ironbound thunderhulks
  3 vampire knights
  12 black draconians
  7 deep elf demonologists (Elf:3)
  12 red draconians
  11 yellow draconians
  Azrael (D:13)
  12 white draconians
  13 dire elephants
  4 halazid warlocks (Desolation)
  15 purple draconians
  2 eleionomae
  12 green draconians
  6 deep elf annihilators
  4 spark wasps (Depths:2)
  2 bunyips
  14 ettins
  A merfolk javelineer (Depths:4)
  2 green deaths
  An ettin (shapeshifter) (Vaults:4)
  A merfolk impaler (Depths:1)
  4 crystal guardians
  5 deep elf death magi
  11 yaktaur captains
  8 deep elf high priests
  6 fire dragons
  6 ragged hierophants (Desolation)
  The ghost of pigah the Mimic, a journeyman OpSh of Gozag (Lair:1)
  5 entropy weavers
  2 ghost crabs
  35 vault guards
  2 salamander tyrants (Snake:3)
  13 great orbs of eyes
  8 rakshasas
  7 servants of whispers (Desolation)
  7 hydras
  6 spriggan air magi
  9 anacondas
  11 peacekeepers
  A hell beast (Zot:5)
  6 ogre magi
  5 centaur warriors
  A catoblepas (Lair:4)
  7 alligators
  10 ice dragons
  3 boulder beetles
  Erica (Orc:1)
  A death knight (Vaults:3)
  21 dancing weapons
  4 death yaks
  11 ironbound frosthearts
  24 two-headed ogres
  3 deep troll shamans (Depths:1)
  3 hell hogs (D:1)
  7 tengu warriors
  5 vampire magi
  5 deep troll earth magi
  A two-headed ogre (shapeshifter) (Vaults:5)
  4 spriggan berserkers
  19 naga warriors
  2 occultists
  An orc high priest (Elf:2)
  5 shock serpents
  14 naga sharpshooters
  15 deep elf knights
  18 hell knights
  7 thrashing horrors
  5 sixfirhies
  4 salamander mystics
  A spectral death yak (Lair:5)
  3 wretched stars
  2 iron trolls
  A sea snake (shapeshifter) (D:15)
  5 skeletal warriors (D:14)
  2 goliath frogs (Swamp:1)
  A goliath frog (shapeshifter) (Depths:2)
  A spectral anaconda (Lair:5)
  2 flayed ghosts
  44 deep trolls
  5 glowing orange brains
  3 sea snakes (Snake:4)
  2 swamp dragons
  4 phantasmal warriors
  A shadow demon (D:1)
  6 naga ritualists
  2 spriggan druids
  9 arcanists
  21 ironbound convokers
  8 lindwurms
  11 deep elf archers
  4 bog bodies
  33 deep elf pyromancers
  2 wolf spiders (shapeshifter) (Vaults:5)
  26 deep elf zephyrmancers
  13 necromancers
  A shining eye (Depths:3)
  2 orc knights (Vaults:3)
  12 mana vipers
  6 will-o-the-wisps
  38 ugly things
  4 manticores
  2 worldbinders
  2 moths of wrath (shapeshifter)
  A manticore (shapeshifter) (Abyss:3)
  An oklob plant (Lair:5)
  17 guardian serpents
  27 moths of wrath
  13 salamanders
  42 black mambas
  8 cyclopes
  Joseph (D:8)
  12 elephants (Lair:5)
  13 naga magi
  2 smoke demons
  3 rust devils
  15 vault sentinels
  2 ice statues
  An orange demon (Abyss:5)
  An eye of devastation (Depths:3)
  A guardian serpent (shapeshifter) (Elf:1)
  A torpor snail (Swamp:3)
  4 gargoyles
  A cane toad (shapeshifter) (Vaults:4)
  A molten gargoyle (Desolation)
  2 unseen horrors (Depths:1)
  14 cane toads
  A rime drake (IceCv)
  An unseen horror zombie (D:9)
  Maggie (D:7)
  A kobold demonologist (D:10)
  A hellion (Depths:4)
  10 komodo dragons
  Jeremiah (D:9)
  2 efreet
  28 yaktaurs
  7 freezing wraiths
  A guardian mummy (Zot:3)
  3 tengu conjurers (Depths:2)
  A red devil (D:9)
  13 trolls
  11 tyrant leeches
  2 ancient zymes (Abyss:3)
  56 saltlings (Desolation)
  23 polar bears
  A hornet (Swamp:3)
  A tarantella (Vaults:5)
  A tyrant leech (shapeshifter) (Vaults:3)
  5 blink frogs (Lair:5)
  A tarantella (shapeshifter) (Vaults:5)
  21 large abominations
  5 glass eyes
  2 spectral elephants (Lair:5)
  30 raiju
  33 slime creatures
  A centaur simulacrum (D:15)
  2 air elementals
  A ynoxinul (Abyss:3)
  A spriggan (Swamp:3)
  5 wraiths
  A vampire (Abyss:3)
  4 shadows
  11 water elementals
  4 wyverns
  14 fire elementals
  5 hogs
  6 starcursed masses
  7 vampire mosquitoes
  80 yaks
  3 basilisks
  A dire elephant simulacrum (Lair:5)
  A death yak simulacrum (Lair:5)
  3 chaos spawn
  A steam dragon (Lair:4)
  5 swamp worm simulacra (Swamp:4)
  A spectral cane toad (Lair:5)
  5 redbacks
  18 swamp worms
  Edmund (D:4)
  2 wargs (Orc:1)
  48 nagas
  14 hydra simulacra (Swamp:4)
  8 water moccasins
  Duvessa (D:4)
  An acid dragon (D:10)
  3 hell hounds (D:13)
  23 orc warriors
  10 ice beasts
  29 ogres
  5 boggarts (Vaults:1)
  2 black bears (Lair:3)
  5 centaurs
  24 wolves
  2 kobold brigands (D:10)
  Blork the orc (D:5)
  15 bullfrogs
  8 scorpions
  A cane toad simulacrum (Lair:5)
  A wyvern zombie (D:9)
  4 earth elementals
  3 gnoll sergeants
  7 small abominations
  11 wights
  Dowan (D:4)
  3 elephant simulacra (Lair:5)
  3 killer bees (D:10)
  10 electric eels
  3 howler monkeys
  2 jellies
  8 hounds
  15 orc priests
  Jessica (D:2)
  Ijyb (D:4)
  3 iguanas
  18 orc wizards
  Robin (D:2)
  17 gnolls
  4 adders
  6 white imps
  3 swamp drake simulacra (Swamp:4)
  A worm (D:3)
  3 dart slugs
  62 orcs
  10 endoplasms
  2 giant cockroaches
  12 goblins
  10 hobgoblins
  14 kobolds
  3 quokkas
  8 ball pythons
  6 bats
  A frilled lizard (D:3)
  3 rats
  A starspawn tentacle (Abyss:5)
  A tentacle (Swamp:2)
2166 creatures vanquished.

Vanquished Creatures (collateral kills)
  2 tentacled monstrosities (Zot:2)
  A draconian annihilator (Zot:3)
  A green draconian (Zot:3)
  A purple draconian (Zot:3)
  A black draconian (Zot:3)
  2 yaktaur captains
  An anaconda (Snake:4)
  A dancing weapon (Elf:2)
  2 hell knights (Depths:1)
  A swamp dragon (Swamp:4)
  An ironbound convoker (Vaults:5)
  2 deep elf archers (Elf:1)
  A deep elf pyromancer (Elf:1)
  A deep elf zephyrmancer (Elf:1)
  3 naga magi
  An orange demon (Zot:5)
  4 saltlings (Desolation)
  3 nagas (Snake:4)
  3 starcursed masses (Abyss:3)
32 creatures vanquished.

Vanquished Creatures (others)
  A draconian knight (Zot:3)
  A stone giant (Depths:4)
  A dire elephant (Lair:5)
  A deep elf knight (Elf:1)
  A large abomination (Abyss:6)
  A deep elf archer (Elf:3)
  A deep elf pyromancer (Elf:1)
  A deep elf zephyrmancer (Elf:1)
  4 bloated husks
  2 saltlings (Desolation)
  2 swamp worms
  An earth elemental (Swamp:4)
  An orc (Elf:2)
  18 foxfires
  A lurking horror (Abyss:4)
  2 starspawn tentacles (Abyss:5)
  5 tentacles (Swamp:2)
44 creatures vanquished.

Grand Total: 2242 creatures vanquished

Notes
Turn   | Place    | Note
-------+----------+-------------------------------------------
     0 | D:5      | freelancePsychic the Demonspawn Delver began the quest for
                  | the Orb.
     0 | D:5      | Reached XP level 1. HP: 18/18 MP: 1/1
     3 | D:5      | Noticed a hound
     5 | D:5      | Noticed Blork the orc
    29 | D:5      | Noticed a scorpion
    41 | D:5      | Noticed an ogre
   122 | D:5      | Noticed an iguana
   230 | D:3      | Reached skill level 1 in Evocations
   230 | D:3      | Gained mutation: A meltable shield of frost defends you.
                  | (SH +4) [demonic ancestry]
   230 | D:3      | Reached XP level 2. HP: 4/24 MP: 2/2
   455 | D:2      | Noticed Jessica
   467 | D:2      | Killed Jessica
   468 | D:2      | Reached XP level 3. HP: 18/29 MP: 3/3
   574 | D:2      | Found a runed translucent door.
   575 | D:2      | Noticed Crazy Yiuf
   628 | D:2      | Noticed a scorpion
   632 | D:2      | Killed a scorpion
   633 | D:2      | Reached skill level 1 in Polearms
   633 | D:2      | Reached XP level 4. HP: 37/37 MP: 4/4
   774 | D:2      | Noticed Robin
   799 | D:2      | Killed Robin
   800 | D:2      | Reached XP level 5. HP: 27/42 MP: 5/5
  1173 | D:2      | Found a faded altar of an unknown god.
  1345 | D:1      | Reached skill level 1 in Maces & Flails
  2695 | D:3      | Found a hide-covered altar of Uskayaw.
  2904 | D:3      | Became a worshipper of Uskayaw the Reveller
  2981 | D:4      | Reached * piety under Uskayaw
  3010 | D:4      | Reached ** piety under Uskayaw
  3012 | D:4      | Gained mutation: You have a pair of small antennae on your
                  | head. [demonic ancestry]
  3012 | D:4      | Reached XP level 6. HP: 44/49 MP: 6/6
  3184 | D:4      | Found a burning altar of Makhleb.
  3184 | D:4      | Noticed a balrug
  3246 | D:4      | Reached *** piety under Uskayaw
  3255 | D:4      | Found a runed translucent door.
  3382 | D:4      | Noticed Duvessa
  3382 | D:4      | Noticed Dowan
  3402 | D:4      | Killed Duvessa
  3422 | D:4      | Killed Dowan
  3423 | D:4      | Reached skill level 5 in Fighting
  3423 | D:4      | Reached XP level 7. HP: 52/56 MP: 7/7
  3466 | D:4      | Found a sparkling altar of Nemelex Xobeh.
  3511 | D:4      | Noticed Ijyb
  3518 | D:4      | Killed Ijyb
  3519 | D:4      | Noticed Edmund
  3523 | D:4      | Reached skill level 1 in Invocations
  3529 | D:4      | Reached **** piety under Uskayaw
  3534 | D:4      | Killed Edmund
  3534 | D:4      | Reached ***** piety under Uskayaw
  3535 | D:4      | Reached skill level 2 in Invocations
  3842 | D:4      | Noticed ytrimaz's ghost (amateur OpSh)
  4004 | D:5      | Reached skill level 5 in Maces & Flails
  4227 | D:5      | Reached skill level 3 in Invocations
  4402 | D:5      | Reached XP level 8. HP: 64/64 MP: 10/10
  4543 | D:5      | Killed Blork the orc
  4569 | D:5      | Reached skill level 4 in Invocations
  5145 | D:5      | Reached skill level 1 in Axes
  5526 | D:6      | Reached skill level 5 in Invocations
  5793 | D:6      | Found an ancient bone altar of Kikubaaqudgha.
  5894 | D:6      | Reached XP level 9. HP: 38/70 MP: 13/13
  6056 | D:6      | Reached skill level 6 in Invocations
  6263 | D:6      | Noticed Grinder
  6513 | D:6      | Found Weuthre's General Store.
  6521 | D:6      | Bought a potion of heal wounds for 50 gold pieces
  6521 | D:6      | Bought a potion of curing for 30 gold pieces
  6642 | D:6      | Found a staircase to the Ecumenical Temple.
  6691 | D:7      | Noticed a two-headed ogre
  6774 | D:7      | Killed a two-headed ogre
  6775 | D:7      | Reached skill level 5 in Axes
  6775 | D:7      | Reached skill level 7 in Invocations
  7297 | D:7      | Reached XP level 10. HP: 57/80 MP: 15/15
  7551 | D:7      | Noticed Maggie
  7563 | D:7      | Killed Maggie
  7581 | D:7      | Found a radiant altar of Vehumet.
  7928 | D:8      | Found a staircase to the Lair.
  7941 | D:8      | Noticed Joseph
  7965 | D:8      | Killed Joseph
  8405 | D:8      | Reached skill level 5 in Evocations
  8423 | D:8      | Reached ****** piety under Uskayaw
  8810 | D:8      | Noticed a two-headed ogre
  9164 | D:8      | Killed a two-headed ogre
  9165 | D:8      | Gained mutation: A meltable icy envelope protects you from
                  | harm. (AC +8) [demonic ancestry]
  9165 | D:8      | Reached XP level 11. HP: 89/89 MP: 16/16
  9429 | D:9      | Noticed a two-headed ogre
  9439 | D:9      | Killed a two-headed ogre
  9483 | D:9      | Noticed Jeremiah
  9492 | D:9      | Killed Jeremiah
  9718 | D:9      | Found a basalt altar of Yredelemnul.
  9745 | D:9      | Found an ornate altar of the Wu Jian Council.
  9745 | D:9      | Found an opulent altar of Gozag.
  9987 | D:9      | Found a snail-covered altar of Cheibriados.
 10015 | D:10     | Entered Level 10 of the Dungeon
 10017 | D:10     | Found a runed translucent gate.
 10017 | D:10     | Found a runed translucent gate.
 10424 | D:10     | Reached skill level 10 in Fighting
 10426 | D:10     | Reached skill level 10 in Axes
 10454 | D:10     | Found a runed translucent gate.
 10462 | D:10     | Identified the ring "Hajehy" {rElec rPois SInv Stlth+}
 10729 | D:10     | Found a faded altar of an unknown god.
 10729 | D:10     | Found a sacrificial altar of Ru.
 10736 | D:10     | Found a shadowy altar of Dithmenos.
 10738 | D:10     | Found a hazy altar of Hepliaklqana.
 10740 | D:10     | Found a faded altar of an unknown god.
 10827 | D:10     | Noticed wally255's ghost (novice TrFi)
 11007 | D:10     | Identified a scroll of acquirement
 11009 | D:10     | Acquired the +8 pair of quick blades "Gyre" and "Gimble"
                  | {protect}
 11009 | D:10     | Found the +8 pair of quick blades "Gyre" and "Gimble"
                  | {protect}
 11027 | D:11     | Noticed a boulder beetle
 11505 | D:11     | Found Hedan's Jewellery Emporium.
 11525 | D:11     | Killed a boulder beetle
 11526 | D:11     | Reached skill level 5 in Short Blades
 11593 | D:11     | Gained mutation: You have an unusually large brain. (Int
                  | +2) [demonic ancestry]
 11593 | D:11     | Reached XP level 12. HP: 90/98 MP: 17/17
 11892 | D:11     | Found a bloodstained altar of Trog.
 12024 | D:11     | Found a portal to a secret trove of treasure.
 12329 | D:12     | Noticed a two-headed ogre
 12334 | D:12     | Killed a two-headed ogre
 12389 | D:12     | Noticed a two-headed ogre
 12395 | D:12     | Killed a two-headed ogre
 12664 | D:12     | Noticed a two-headed ogre
 12665 | D:12     | Found a staircase to the Orcish Mines.
 12679 | D:12     | Killed a two-headed ogre
 12891 | D:12     | Identified the +6 plate armour "Cigaluri" {rPois rF+ Int-2}
 13163 | D:12     | Noticed a boulder beetle
 13177 | D:12     | Killed a boulder beetle
 14636 | D:14     | Identified the "Veasiohut"
 14636 | Lair:1   | Entered Level 1 of the Lair of Beasts
 14716 | Lair:1   | Reached skill level 10 in Short Blades
 14936 | Lair:1   | Identified the +5 short sword "Mezewob" {antimagic, rN+}
 14941 | Lair:1   | Noticed pigah's ghost (journeyman OpSh)
 14944 | Lair:1   | Found a runed translucent door.
 15384 | Lair:1   | Killed pigah's ghost
 15650 | Lair:2   | Found a blossoming altar of Fedhas.
 15825 | Lair:2   | Found a transporter.
 15834 | Lair:2   | Reached XP level 13. HP: 104/104 MP: 18/18
 15879 | Lair:2   | Found a transporter.
 15916 | Lair:2   | Found a staircase to the Snake Pit.
 16480 | Lair:2   | Found a staircase to the Swamp.
 17968 | Lair:4   | Found a staircase to the Slime Pits.
 18431 | Lair:5   | Entered Level 5 of the Lair of Beasts
 18925 | Lair:5   | Reached skill level 1 in Armour
 18925 | Lair:5   | Reached skill level 8 in Invocations
 19304 | Lair:5   | Noticed a dire elephant
 19304 | Lair:5   | Noticed a dire elephant
 19304 | Lair:5   | Noticed a dire elephant
 19306 | Lair:5   | Noticed a dire elephant
 19309 | Lair:5   | Noticed a dire elephant
 19317 | Lair:5   | Reached skill level 9 in Invocations
 19318 | Lair:5   | Killed a dire elephant
 19319 | Lair:5   | Reached XP level 14. HP: 93/111 MP: 20/20
 20004 | Lair:5   | Reached skill level 10 in Invocations
 20928 | D:13     | Reached skill level 5 in Armour
 21110 | D:13     | Reached skill level 11 in Invocations
 21180 | D:13     | Found a gate to the Vaults.
 21429 | D:13     | Noticed Azrael
 21441 | D:13     | Killed Azrael
 22283 | D:14     | Reached skill level 12 in Invocations
 23190 | D:15     | Entered Level 15 of the Dungeon
 23540 | D:15     | Reached XP level 15. HP: 92/123 MP: 24/24
 23743 | D:15     | Reached skill level 13 in Invocations
 23770 | D:15     | Found a staircase to the Depths.
 24245 | D:15     | Paralysed by a deep elf pyromancer for 5 turns
 24941 | Orc:1    | Entered Level 1 of the Orcish Mines
 25125 | Orc:1    | Noticed Erica
 25133 | Orc:1    | Killed Erica
 25418 | Orc:2    | Entered Level 2 of the Orcish Mines
 25432 | Orc:2    | Found a staircase to the Elven Halls.
 25707 | Orc:2    | Found a frozen archway.
 25711 | IceCv    | Entered an ice cave
 25762 | IceCv    | Reached skill level 14 in Invocations
 26176 | IceCv    | Noticed a frost giant
 26191 | IceCv    | Killed a frost giant
 26564 | Orc:2    | Reached skill level 15 in Invocations
 26569 | Orc:2    | Found Yvuiqagh's Weapon Boutique.
 26569 | Orc:2    | Found Omaschoc's Distillery.
 27097 | Orc:2    | Gained mutation: A weak demonic guardian rushes to your
                  | aid. [demonic ancestry]
 27097 | Orc:2    | Reached XP level 16. HP: 97/134 MP: 27/27
 27101 | Orc:2    | Found Sesien's Assorted Antiques.
 27105 | Orc:2    | Found Kusariga's Antique Armour Shop.
 27229 | Orc:2    | Bought a shimmering chain mail for 313 gold pieces
 27229 | Orc:2    | Identified the +5 chain mail of Pan-Flutes {rPois} (You
                  | bought it in a shop on level 2 of the Orcish Mines)
 27393 | D:11     | Bought the ring of the Hare {EV+10} for 1664 gold pieces
 27393 | D:11     | Found the ring of the Hare {EV+10}
 27517 | Snake:1  | Entered Level 1 of the Snake Pit
 27724 | Snake:1  | Reached skill level 15 in Fighting
 28169 | Snake:1  | Reached skill level 16 in Invocations
 28424 | Snake:1  | Identified the +1 pair of gloves of Space {*Corrode rPois
                  | Int+3}
 28600 | Snake:1  | Reached skill level 10 in Armour
 28763 | Snake:2  | Noticed Asterion
 28772 | Snake:2  | Killed Asterion
 29266 | Snake:2  | Noticed Kirke
 29371 | Snake:2  | Killed Kirke
 29379 | Snake:2  | Noticed Saint Roka
 29404 | Snake:2  | Killed Saint Roka
 30801 | Snake:3  | Gained mutation: A demonic guardian rushes to your aid.
                  | [demonic ancestry]
 30801 | Snake:3  | Reached XP level 17. HP: 117/142 MP: 29/29
 31952 | Snake:4  | Entered Level 4 of the Snake Pit
 32089 | Snake:4  | Reached skill level 17 in Invocations
 32162 | Snake:4  | Reached skill level 5 in Dodging
 32627 | Swamp:1  | Entered Level 1 of the Swamp
 32884 | Swamp:1  | Noticed Jorgrun
 32894 | Swamp:1  | Killed Jorgrun
 33756 | Swamp:2  | Noticed a kraken
 33768 | Swamp:2  | Killed a kraken
 34544 | Swamp:3  | Identified the staff "Rohedd" {Drain +Blink rF+ Dex+6 Fire}
 34670 | Swamp:3  | Identified the +7 hand axe "Mercham" {flame, rElec rC++}
 34854 | Swamp:3  | Reached skill level 18 in Invocations
 35276 | Swamp:4  | Entered Level 4 of the Swamp
 36560 | Swamp:4  | Got a decaying rune of Zot
 37560 | Snake:4  | Gained mutation: You have a pair of antennae on your head.
                  | [demonic ancestry]
 37560 | Snake:4  | Reached XP level 18. HP: 153/153 MP: 31/31
 37588 | Snake:4  | Found Ninnaif's Book Shop.
 37590 | Snake:4  | Found Opupluzo's Jewellery Emporium.
 37591 | Snake:4  | Found Couhiy's Book Shop.
 38201 | Snake:4  | Reached skill level 19 in Invocations
 38467 | Snake:4  | Got a serpentine rune of Zot
 38872 | Crypt:3  | Identified the of Vooxisox
 38872 | Elf:1    | Entered Level 1 of the Elven Halls
 39051 | Elf:1    | Paralysed by an air elemental for 1 turns
 40371 | Desolati | Identified the of Ceinwe Rera
 40371 | Desolati | Identified the "Laanatz"
 40379 | Elf:2    | Reached skill level 20 in Invocations
 40389 | Elf:2    | Found a crumbling gateway.
 40395 | Desolati | Entered the Desolation of Salt
 40811 | Desolati | Identified the +4 broad axe "Betwoj" {elec, rCorr Str+3
                  | Dex+3}
 40840 | Desolati | Reached skill level 10 in Dodging
 40845 | Desolati | Identified the amulet "Hops" {Will+ Regen+}
 40935 | Desolati | Reached XP level 19. HP: 76/153 MP: 33/33
 41295 | Desolati | Identified the ring of Twilight {Fly rF+ Str+2}
 41426 | Desolati | Identified the ring "Tumuokhli" {Fly Will- Int+9 Dex-4
                  | Stlth+}
 41864 | Desolati | Found the +4 consecrated labrys {holy, Valiant Fragile Fly
                  | SInv}
 41866 | Desolati | Identified the amulet "Picigg" {Faith rC+}
 41933 | Desolati | Identified the +7 quarterstaff of Ides {freeze, Dex+5}
 41935 | Desolati | Identified the +0 ring mail of the Morning Star {rC+}
 42483 | Elf:2    | Reached skill level 21 in Invocations
 42804 | Elf:2    | Found a runed translucent gate.
 42805 | Elf:2    | Found a runed translucent gate.
 42805 | Elf:2    | Found a runed translucent gate.
 42918 | Elf:3    | Identified the "Vaidatewk"
 42918 | Elf:3    | Entered Level 3 of the Elven Halls
 43355 | Elf:3    | Noticed a Brimstone Fiend
 43684 | Abyss:2  | Cast into level 2 of the Abyss (a deep elf sorcerer)
 43888 | Abyss:2  | Found a shimmering altar of Xom.
 43888 | Abyss:2  | Found a shimmering altar of Xom.
 43889 | Abyss:2  | Found a shimmering altar of Xom.
 43889 | Abyss:2  | Found a shimmering altar of Xom.
 43889 | Abyss:2  | Found a shimmering altar of Xom.
 43890 | Abyss:2  | Found a shimmering altar of Xom.
 43890 | Abyss:2  | Found a shimmering altar of Xom.
 43890 | Abyss:2  | Found a shimmering altar of Xom.
 43985 | Abyss:3  | Found a corrupted altar of Lugonu.
 44019 | Abyss:3  | Found a corrupted altar of Lugonu.
 44090 | Abyss:3  | Found a corrupted altar of Lugonu.
 44407 | Elf:3    | Escaped the Abyss
 44415 | Elf:3    | Identified the amulet of Ehipnur {Spirit rC+ Will++ Int-2}
 44435 | Elf:3    | Gained mutation: You have an extremely huge brain. (Int +4)
                  | [demonic ancestry]
 44435 | Elf:3    | Reached XP level 20. HP: 132/176 MP: 34/34
 44613 | Elf:3    | Identified the +2 robe of the Hammering Gods {Harm Will+
                  | Str-4}
 44616 | Elf:3    | Identified the +8 war axe of Guile {spect, rElec rN+}
 44624 | Elf:3    | Identified the +3 war axe "Demon's Curse" {venom, Dex+2}
 44624 | Elf:3    | Identified the ring "Sosotz" {rF+ rN+ Will+ Str+2 Int+3
                  | Dex-3}
 44624 | Elf:3    | Identified the +4 rapier "Grim Tooth" {speed, Str+4}
 44635 | Elf:3    | Reached skill level 1 in Transmutations
 44921 | Elf:3    | Identified the +1 hat of the Spider Nest {Harm rPois rF+}
 44992 | Elf:3    | Identified the +3 dagger of the Threshing King {heavy, rN+
                  | Dex+3}
 45139 | Elf:3    | Found Housel's Antique Weapon Shoppe.
 45459 | Elf:3    | Found a runed translucent door.
 45495 | Elf:3    | Identified the +3 chain mail "Adeblui" {rC- rN+ rCorr}
 45787 | Vaults:1 | Entered Level 1 of the Vaults
 45872 | Vaults:1 | Learned a level 2 spell: Wereblood
 46360 | Vaults:1 | Reached skill level 5 in Transmutations
 47010 | Vaults:1 | Found Xoigoykh's Book Shoppe.
 47102 | Vaults:1 | Acquired 278 gold pieces
 48051 | Vaults:2 | Paralysed by a sphinx for 2 turns
 49130 | Vaults:2 | Gained mutation: You are robust. (+10% HP) [demonic
                  | ancestry]
 49130 | Vaults:2 | Reached XP level 21. HP: 144/201 MP: 35/35
 49321 | Vaults:3 | Found Cuymof's Distillery.
 49454 | Vaults:3 | Found a staircase to the Crypt.
 49944 | Vaults:3 | Reached skill level 15 in Armour
 50061 | Vaults:3 | Identified the amulet "Xohukip" {Spirit Rampage}
 50666 | Vaults:3 | Acquired 699 gold pieces
 50805 | Vaults:4 | Reached skill level 10 in Transmutations
 52437 | Vaults:4 | Reached skill level 1 in Shapeshifting
 52642 | Vaults:5 | Entered Level 5 of the Vaults
 52662 | Vaults:5 | Gained mutation: You have a pair of large antennae on your
                  | head. (SInv) [demonic ancestry]
 52662 | Vaults:5 | Reached XP level 22. HP: 199/209 MP: 36/36
 52912 | Vaults:5 | Noticed an ancient lich
 52925 | Vaults:5 | Killed an ancient lich
 52950 | Vaults:5 | Reached skill level 5 in Shapeshifting
 52957 | Vaults:5 | Noticed a golden dragon
 52957 | Vaults:5 | Identified the +4 plate armour of Hidant {Regen+}
 53975 | Vaults:5 | Killed a golden dragon
 54697 | Vaults:5 | Noticed a dread lich
 54698 | Vaults:5 | Killed a dread lich
 55091 | Vaults:5 | Identified the +1 falchion "Conservator" {pain, rCorr MP+9}
 55093 | Vaults:5 | Got a silver rune of Zot
 55094 | Vaults:5 | Identified the +4 flail of the Teaching Sybil {heavy, rN+}
 55237 | Vaults:5 | Noticed a golden dragon
 55241 | Vaults:5 | Identified the +0 robe of Imajimor {Will+ Regen+ Int+2}
 55253 | Vaults:5 | Killed a golden dragon
 55364 | Vaults:5 | Identified the +9 hand axe of the Ageing Gods {venom, Drain
                  | rElec rF+}
 55464 | Vaults:5 | Reached skill level 1 in Spellcasting
 55505 | Vaults:5 | Found the ring of the Mage {Wiz Archmagi}
 55519 | Vaults:5 | Noticed a dread lich
 55529 | Vaults:5 | Killed a dread lich
 56476 | Depths:1 | Entered Level 1 of the Depths
 56924 | Depths:1 | Found a radiant altar of Vehumet.
 57122 | Depths:1 | Gained mutation: You have an absolutely massive brain. (Int
                  | +6, Wiz) [demonic ancestry]
 57122 | Depths:1 | Reached XP level 23. HP: 142/215 MP: 37/37
 57354 | Depths:1 | Learned a level 5 spell: Irradiate
 57358 | Depths:1 | Found a one-way gate to the infinite horrors of the Abyss.
 57372 | Depths:1 | Reached skill level 1 in Conjurations
 57619 | Abyss:3  | Cast into level 3 of the Abyss (an occultist)
 57917 | Abyss:4  | Found a corrupted altar of Lugonu.
 58008 | Abyss:4  | Found a corrupted altar of Lugonu.
 58139 | Abyss:4  | Reached skill level 5 in Conjurations
 58558 | Depths:1 | Escaped the Abyss
 58879 | Depths:1 | Found a gateway to Hell.
 58943 | Depths:1 | Found a gateway to a bazaar.
 59426 | Bazaar   | Entered a bazaar
 59427 | Bazaar   | Found Qonotom's Magic Scroll Boutique.
 59432 | Bazaar   | Found Tecem's Antique Armour Emporium.
 59435 | Bazaar   | Bought a scroll of blinking for 67 gold pieces
 59435 | Bazaar   | Bought a scroll of enchant armour for 67 gold pieces
 59435 | Bazaar   | Bought a scroll of enchant armour for 67 gold pieces
 59441 | Bazaar   | Bought a pair of masterwork boots for 190 gold pieces
 59441 | Bazaar   | Identified the +1 pair of boots of the Past {Slay+2} (You
                  | bought it in a shop in a bazaar)
 59455 | Bazaar   | Bought a pair of embroidered gloves for 150 gold pieces
 59474 | Bazaar   | Found Ypaotaph's Antique Weapon Shop.
 59478 | Bazaar   | Found Ucyblunk's Assorted Antiques.
 59489 | Bazaar   | Found Vasuacoz's Assorted Antiques.
 59496 | Bazaar   | Bought a glowing cyan potion for 18 gold pieces
 59699 | Depths:2 | Found a one-way gate leading to the halls of Pandemonium.
 60082 | Depths:2 | Reached skill level 10 in Conjurations
 60232 | Depths:2 | Identified the +8 flail of Hacking and Slashing {freeze,
                  | *Rage Fly Will+ Stlth+}
 60648 | Depths:2 | Identified the +5 war axe of the Undead {spect, Str+2
                  | Dex+2}
 60648 | Depths:2 | Identified the +8 ice dragon scales of the Spider Nest {rF-
                  | rC++ Str+3}
 60725 | Depths:2 | Found the +8 Vampire's Tooth {megavamp}
 60883 | Depths:2 | Found Tafo's General Store.
 60891 | Depths:2 | Bought a scroll of teleportation for 45 gold pieces
 60891 | Depths:2 | Bought a potion of curing for 45 gold pieces
 60919 | Depths:2 | Found a blossoming altar of Fedhas.
 61189 | Depths:3 | Found a one-way gateway to a ziggurat.
 61305 | Depths:3 | Found a transporter.
 61305 | Depths:3 | Found a transporter.
 61459 | Depths:3 | Noticed Jory
 61478 | Depths:3 | Killed Jory
 62091 | Depths:4 | Entered Level 4 of the Depths
 62092 | Depths:4 | Found Namugop's Assorted Antiques.
 62132 | Depths:4 | Found Biz Uphi's Book Shop.
 62144 | Depths:4 | Found a broken altar of Ashenzari.
 62262 | Depths:4 | Found Ileuss's Antique Armour Boutique.
 62267 | Depths:4 | Bought a pair of embroidered boots for 292 gold pieces
 62316 | Depths:4 | Found a gate to the Realm of Zot.
 62322 | Depths:4 | Gained mutation: You are very robust. (+20% HP) [demonic
                  | ancestry]
 62322 | Depths:4 | Reached XP level 24. HP: 204/244 MP: 37/37
 62518 | Depths:4 | Found Zeirid's General Store.
 62537 | Depths:4 | Found Acouv's Assorted Antiques.
 62542 | Depths:4 | Bought a potion of invisibility for 272 gold pieces
 62542 | Depths:4 | Bought a scroll of teleportation for 102 gold pieces
 63256 | Zot:1    | Entered Level 1 of the Realm of Zot
 63324 | Zot:1    | Noticed Feng's ghost (veteran OgBe)
 63335 | Zot:1    | Found a transporter.
 63402 | Zot:1    | Noticed a shard shrike
 63404 | Zot:1    | Noticed a shard shrike
 63413 | Zot:1    | Found a transporter.
 64046 | Zot:1    | Noticed an orb of fire
 64055 | Zot:1    | Killed an orb of fire
 64648 | Zot:2    | Reached skill level 5 in Spellcasting
 64651 | Zot:2    | Identified the +7 mace "Rywoann" {freeze, rElec Will- SInv}
 65956 | Zot:3    | Found the +4 dragonskin cloak
 65956 | Zot:3    | Noticed Tiamat
 65956 | Zot:3    | Found the -2 hat of the Alchemist {rElec rPois rF+ rC+ rN+
                  | Will+ rMut rCorr}
 65957 | Zot:3    | Noticed an orb of fire
 66041 | Zot:3    | Noticed an ancient lich
 66045 | Zot:3    | Killed an orb of fire
 66210 | Zot:3    | HP: 5/244 [ancient lich/bolt of acid (58)]
 66212 | Zot:2    | Killed an ancient lich
 67742 | Zot:2    | Gained mutation: You are occasionally teleported next to
                  | monsters. [mutagenic glow]
 67772 | Zot:2    | Killed Tiamat
 68215 | Zot:2    | Lost mutation: You are occasionally teleported next to
                  | monsters. [potion of mutation]
 68215 | Zot:2    | Gained mutation: You passively dampen the noise of your
                  | surroundings. [potion of mutation]
 68215 | Zot:2    | Gained mutation: You are weak. (Str -2) [potion of
                  | mutation]
 68215 | Zot:2    | Gained mutation: Your flesh is heat resistant. (rF+)
                  | [potion of mutation]
 68216 | Zot:2    | Lost mutation: You are weak. (Str -2) [potion of mutation]
 68216 | Zot:2    | Lost mutation: Your flesh is heat resistant. (rF+) [potion
                  | of mutation]
 68216 | Zot:2    | Gained mutation: Your mind is acute. (Int +4, Str/Dex -1)
                  | [potion of mutation]
 68216 | Zot:2    | Gained mutation: A frigid envelope surrounds you and
                  | freezes all who hurt you. [potion of mutation]
 68216 | Zot:2    | Lost mutation: You passively dampen the noise of your
                  | surroundings. [potion of mutation]
 68216 | Zot:2    | Gained mutation: Your flesh is heat resistant. (rF+)
                  | [potion of mutation]
 68350 | Zot:3    | Reached skill level 15 in Transmutations
 68402 | Zot:3    | Reached skill level 15 in Conjurations
 68689 | Zot:3    | Gained mutation: You are extremely robust. (+30% HP)
                  | [demonic ancestry]
 68689 | Zot:3    | Reached XP level 25. HP: 204/273 MP: 37/37
 68862 | Zot:3    | Identified the +4 chain mail of Soft Rains {Harm rElec rF-}
 69292 | Zot:3    | Identified the +0 pair of gloves "Qasoyr" {*Corrode rPois
                  | Str+3}
 69369 | Zot:3    | Noticed an orb of fire
 69380 | Zot:3    | Killed an orb of fire
 69747 | Zot:4    | Identified the of Jonos
 69764 | Zot:4    | Acquired 444 gold pieces
 69850 | Zot:4    | Noticed a Killer Klown
 69870 | Zot:4    | Killed a Killer Klown
 70174 | Zot:4    | Noticed a Killer Klown
 70182 | Zot:4    | Killed a Killer Klown
 70890 | Zot:4    | Reached skill level 10 in Spellcasting
 71220 | Zot:5    | Entered Level 5 of the Realm of Zot
 71938 | Zot:5    | Noticed a dread lich
 71976 | Zot:5    | Noticed an orb of fire
 71979 | Zot:5    | Killed a dread lich
 71984 | Zot:5    | Noticed a dread lich
 71987 | Zot:5    | Killed an orb of fire
 71987 | Zot:5    | Noticed an orb of fire
 71990 | Zot:5    | Noticed an orb of fire
 71996 | Zot:5    | Killed a dread lich
 72001 | Zot:5    | Noticed an orb of fire
 72001 | Zot:5    | Gained mutation: You expend magic power (3 MP) to
                  | strengthen your wands. [an orb of fire]
 72003 | Zot:5    | Killed an orb of fire
 72008 | Zot:5    | Killed an orb of fire
 72009 | Zot:5    | Killed an orb of fire
 72014 | Zot:5    | Noticed a Killer Klown
 72017 | Zot:5    | Noticed a dread lich
 72019 | Zot:5    | Reached skill level 22 in Invocations
 72020 | Zot:5    | Noticed an ancient lich
 72022 | Zot:5    | Killed a Killer Klown
 72026 | Zot:5    | Killed a dread lich
 72027 | Zot:5    | Killed an ancient lich
 72030 | Zot:5    | Noticed a Killer Klown
 72034 | Zot:5    | Killed a Killer Klown
 72035 | Zot:5    | Noticed a dread lich
 72039 | Zot:5    | Gained mutation: A meltable icy envelope protects you from
                  | harm. (AC +8) [demonic ancestry]
 72039 | Zot:5    | Reached XP level 26. HP: 286/286 MP: 33/38
 72041 | Zot:5    | Killed a dread lich
 72042 | Zot:5    | Noticed an ancient lich
 72042 | Zot:5    | Noticed a dread lich
 72047 | Zot:5    | Killed an ancient lich
 72049 | Zot:5    | Killed a dread lich
 72539 | Zot:5    | Got the Orb of Zot
 72599 | Zot:5    | Noticed Muopoqou the pandemonium lord
 72618 | Zot:5    | Killed Muopoqou the pandemonium lord
 72724 | Zot:1    | Noticed Ihahyal the pandemonium lord
 72750 | Zot:1    | Killed Ihahyal the pandemonium lord
 73189 | D:1      | Reached skill level 23 in Invocations
 73233 | D:$      | Escaped with the Orb!

Illustrated notes

Levels and vault maps discovered:
D:1:      erik_arrival_cave_to_civilisation [erik_arrival_cave_to_hall],
          layout_loops_ring, minmay_domino_2
D:2:      layout_basic, ebering_ecumenical_altar_sacrificial, uniq_jessica,
          uniq_robin, uniq_crazy_yiuf_cottage
D:3:      layout_rooms, mainiacjoe_overflow_six_doors_small
D:4:      layout_loops_ring, nemelex_diamond_rough_becter,
          makhleb_altar_promises_db, ebering_ghost_reflecting_pool, uniq_ijyb,
          uniq_edmund, uniq_duvessa
D:5:      layout_basic, hangedman_decor_slide_cut, minmay_misc_feat_hallway,
          uniq_blork_the_orc
D:6:      layout_loops_cross, kiku_gazebo_pond_becter,
          minmay_temple_entry_nine_rooms, grunt_decor_clamped,
          nicolae_stop_n_shop_2, kennysheep_generic_room_6, uniq_grinder
D:7:      layout_cave_pools, old_standard_altar, lemuel_coloured_pillars_altar,
          mainiacjoe_overflow_small_starburst, serial_bayou,
          serial_bayou_shore_b, serial_bayou_crossing, serial_bayou_lagoon_a,
          serial_bayou_pond_a, serial_bayou_shore_b, serial_bayou_pond_d,
          minmay_misc_feat_more_columns, uniq_maggie
D:8:      layout_loops_ring, erik_lair_island, hangedman_abyss_or_decor_passed,
          uniq_joseph
D:9:      layout_cross, nicolae_gozag_seed_capital,
          lemuel_zombie_altar_yredelemnul, minitemple, minivault_19,
          hangedman_decor_riveting, uniq_jeremiah
D:10:     layout_loops_cross, chequers_temple_overflow_minitemple,
          ebering_ghost_rock_garden
D:11:     layout_basic, serial_shops, shop_fountains,
          nicolae_trove_entry_crystal, david_defended_altar_orc
D:12:     layout_basic, david_orc_3, grunt_ministairs_15
D:13:     layout_basic, david_vaults_1, uniq_azrael
D:14:     layout_loops_ring, chequers_serial_rivers_micro_e,
          minmay_stone_trees_small
D:15:     gammafunk_enter_depths_forms, layout_basic, serial_co_window_serial,
          co_window_paths_a, co_window_corner_a, co_window_cross_1,
          co_window_paths_a, co_window_paths_a, co_window_unsneaky_path_a,
          co_window_broadway_c, co_window_of_opportunity_c,
          co_window_broadway_a, co_window_paths_d, co_window_sun,
          glass_columns_a, glass_columns_b, glass_columns_b
Lair:1:   layout_hall_layers, hellmonk_ghost_happy_afterlife,
          serial_bayou_pond_d
Lair:2:   gammafunk_worm_tunnel, layout_loops_ring, palyth_hydra_swamp_entry,
          guppyfry_snake_entry_garden, hangedman_tree_tricks, minivault_26,
          serial_bayou_shore_b
Lair:3:   layout_cave_pods
Lair:4:   layout_gridlike, dpeg_slime_entry_corner, ice2_lemuel,
          lemuel_fruit_tree, serial_bayou_shore_b
Lair:5:   due_jungle_book, layout_big_grid, chequers_serial_rivers_marsh,
          amcnicky_mini_pool_medium
Swamp:1:  layout_basic_swamp, evilmike_swamp_ruin_house_3,
          nicolae_swamp_decorative_isthmus, infiniplex_staircase_pool,
          uniq_jorgrun
Swamp:2:  layout_basic_swamp, nicolae_swamp_small_spring,
          nicolae_swamp_thats_no_hydra, infiniplex_staircase_pool_2
Swamp:3:  nicolae_swamp_ascending_descending_big, layout_basic_swamp,
          evilmike_swamp_ruin_house_5, swamp_pool_1_2, worms_lemuel
Swamp:4:  swamp_icy, layout_basic_swamp, swamp_pool_4, nzn_swamp_blast_mining,
          nicolae_swamp_tree_isthmus
Snake:1:  layout_rooms, hangedman_snake_corridor_cut, grunt_megastairs_2
Snake:2:  layout_gridlike, uniq_asterion, uniq_saint_roka, uniq_kirke
Snake:3:  layout_layer_cave
Snake:4:  grunt_snake_rune_pools, layout_cave_town, minmay_shop_grove
Orc:1:    layout_diamond_mine, basic_altar, nicolae_orc_lava_room, uniq_erica
Orc:2:    st_orc_ogre_mass, layout_diamond_mine, portal_ice_cave_entry_pillars_1
Elf:1:    minmay_elf_arrival_summoners, layout_geoelf_octagon, minivault_28
Elf:2:    nicolae_elf_blades_crystal_corner, layout_geoelf_octagon,
          portal_desolation_entry_nicolae_forbidding_blocks, uniq_agnes
Elf:3:    minmay_elf_hall_x, layout_loops_cross, serial_shops,
          nicolae_shop_overgrown_old_shop, minivault_13
Vaults:1: vaults_mumra_hexcomb, nicolae_vaults_tangram_1,
          nicolae_vaults_tangram_1, nicolae_vaults_trapezoid_2, st_octagons_1,
          ontoclasm_vaults_twist, nicolae_vaults_tetromino_Z_1,
          nicolae_vaults_hexular_roomagon, nicolae_vaults_sealed_display,
          layout_vaults_quadrants, serial_shops, nicolae_shop_waterfront
Vaults:2: nicolae_vaults_closet_pinwheel_4, hangedman_vaults_stream,
          vaults_room_hallway, vaults_room_octagon,
          hangedman_vaults_stretched_pinwheel, vaults_room_octagon,
          nicolae_vaults_ring_of_whatevers, vaults_mumra_hex,
          nicolae_vaults_specimen_jars, nicolae_vaults_surprise_closet,
          layout_vaults_omnicross
Vaults:3: v_misc_12, minmay_crypt_entry_simple_box,
          nicolae_vaults_more_shelving_1, nicolae_vaults_two_Ls, v_misc_1,
          nicolae_vaults_frosty_reception, nicolae_vaults_offset_grid_hallway_4,
          nicolae_vaults_stepped_doors, v_pattern_4, nicolae_vaults_gold_heap,
          ontoclasm_vaults_idyll, nicolae_vaults_little_squares_1,
          nicolae_vaults_circle_grid_a, layout_vaults_omnibox, serial_glass,
          serial_shops, shop
Vaults:4: nicolae_vaults_closet_pinwheel_3, dpeg_vaults_hating_casters,
          nicolae_vaults_mini_display_case, nicolae_vaults_storage_closets_1,
          ontoclasm_vaults_fault, nicolae_vaults_cochlea,
          nicolae_vaults_little_ls, nicolae_vaults_shelves_hall, v_misc_26,
          vaults_room_octagon, nicolae_vaults_wine_cellar,
          hangedman_vaults_locks, layout_vaults_ring
Vaults:5
Depths:1: layout_long_grid, serial_shops, statue_bzr, minmay_room_of_horrors,
          lemuel_round_altar, hangedman_geh_valley, kennysheep_boxes
Depths:2: minmay_the_grid_octo_tiled_octocenter [minmay_the_grid_octo_focus,
          minmay_the_grid_octo_odd_swirl, minmay_the_grid_octo_empty,
          minmay_the_grid_octo_empty, minmay_the_grid_octo_prize_single_spiral,
          minmay_the_grid_square_5x5_detours,
          minmay_the_grid_square_5x5_inner_z, minmay_the_grid_square_5x5_bridge,
          minmay_the_grid_square_5x5_misaligned], layout_cave_pools,
          serial_shops, nicolae_shop_crystal, pan_entry, hell_entry,
          hangedman_abyss_entry_splay, fedhas_altar_fruit_tree,
          infiniplex_staircase_zigzag_4
Depths:3: gammafunk_the_bubble [the_bubble_gammafunk_split], layout_cave_pools,
          enter_ziggurat_c, serial_sigils_hangedman_gnaw,
          abyss_entry_small_statue_room, grunt_metal_band, uniq_jory,
          uniq_margery
Depths:4: grunt_zot_entry_alcove, layout_twisted_cross,
          hangedman_tar_grid_catacomb, rand_demon_pan_entry_5,
          reono_crystal_passage, serial_shops, shop,
          nicolae_shop_rolling_square, shop, shop, shop,
          ashenzari_conservatory_becter, serial_bayou_shore_a
Zot:1:    layout_gridlike, regret_index_zotdec_plus,
          gammafunk_ghost_berserking_beasts,
          regret_index_zotdec_barnacled_simple
Zot:2:    layout_twisted_circle, regret_index_zotdec_silver_v_v_orig_slice,
          regret_index_zotdec_onion_hex, st_stairs_4
Zot:3:    hangedman_zot_vaults_quadrants, layout_onion_interference,
          st_stairs_14, uniq_tiamat
Zot:4:    layout_twisted_circle, regret_index_zotdec_twisting_globes,
          lemuel_elevator
Zot:5:    layout_basic, hangedman_zot_decor_tridents

Skill      XL: |  1  2  3  4  5  6  7  8  9 10 11 12 13 14 15 16 17 18 19 20 21 22 23 24 25 26 |
---------------+-------------------------------------------------------------------------------+-----
Evocations     | 1 2 3 5 6 |  6.9
Polearms       | 1 |  1.5
Maces & Flails | 2 4 5 6 |  6.1
Fighting       | 4 5 6 8 9 10 13 14 15 16 18 20 21 | 21.3
Invocations    | 3 5 7 9 12 15 16 18 20 21 22 23 | 23.0
Axes           | 3 6 8 10 | 10.1
Short Blades   | 5 11 14 | 14.0
Armour         | 3 6 8 12 14 16 18 19 | 19.4
Dodging        | 3 7 10 12 | 12.0
Transmutations | 8 11 13 15 16 | 16.0
Shapeshifting  | 3 8 |  8.4
Spellcasting   | 4 8 10 | 10.0
Conjurations   | 12 15 16 | 16.0
Stealth        | |  4.5

Action                     |  1- 3 |  4- 6 |  7- 9 | 10-12 | 13-15 | 16-18 | 19-21 | 22-24 | 25-27 || total
---------------------------+-------+-------+-------+-------+-------+-------+-------+-------+-------++-------
  Melee: Short sword       |    21 |       |       |       |       |       |       |       |       ||    21
         Spear             |    23 |   118 |       |       |       |       |       |       |       ||   141
         Punch             |       |     3 |     5 |     5 |       |       |       |     2 |     6 ||    21
         Flail             |       |    68 |   193 |    21 |       |       |       |       |       ||   282
         Hand axe          |       |       |    94 |       |       |       |       |       |       ||    94
         War axe           |       |       |       |   273 |       |       |       |       |       ||   273
         Pair of quick bla |       |       |       |   816 |  3115 |  4616 |  5300 |  6415 |  1653 || 21915
         Unarmed           |       |       |       |       |       |     8 |    34 |       |       ||    42
         Quick blade       |       |       |       |       |       |       |       |   113 |   272 ||   385
  Throw: Dart              |     1 |       |       |     4 |       |       |       |       |       ||     5
   Cast: Wereblood         |       |       |       |       |       |       |     2 |    18 |     7 ||    27
         Irradiate         |       |       |       |       |       |       |       |    16 |     5 ||    21
 Invoke: Stomp             |       |       |       |     1 |     5 |    19 |     7 |     4 |     1 ||    37
         Grand Finale      |       |       |       |       |     1 |     6 |     2 |    12 |     2 ||    23
         Line Pass         |       |       |       |       |     1 |     3 |     2 |       |     1 ||     7
  Evoke: Wand              |     3 |       |    11 |    22 |     6 |     1 |     1 |     5 |     6 ||    55
         Lightning rod     |       |       |       |       |       |       |       |     1 |       ||     1
         Phantom mirror    |       |       |       |       |       |       |       |     1 |       ||     1
    Use: Scroll            |     1 |     3 |     3 |    10 |    12 |     2 |    11 |    19 |     1 ||    62
         Potion            |       |       |       |     1 |     2 |     8 |     9 |    14 |     8 ||    42
   Stab: Sleeping          |     4 |    12 |     2 |       |       |       |       |       |       ||    18
         Distracted        |     1 |       |       |       |       |     4 |     2 |     4 |     1 ||    12
         Paralysed         |       |       |    17 |    79 |   107 |   156 |   204 |   233 |    83 ||   879
         Invisible         |       |       |     1 |       |     2 |     1 |     5 |       |       ||     9
         Confused          |       |       |       |       |     1 |     1 |     3 |       |       ||     5
 Armour: Leather armour    |    24 |   123 |     5 |       |       |       |       |       |       ||   152
         Scale mail        |       |       |   195 |   341 |       |       |       |       |       ||   536
         Plate armour      |       |       |       |    98 |   761 |   850 |   671 |   273 |       ||  2653
         Skin              |       |       |       |       |       |     7 |    34 |       |       ||    41
         Gold dragon scale |       |       |       |       |       |       |       |  1045 |   325 ||  1370
  Dodge: Dodged            |    21 |    96 |   107 |   226 |   152 |   810 |   789 |  1098 |   254 ||  3553
  Block: Other             |     2 |    34 |    55 |    92 |    91 |   120 |   125 |   154 |    32 ||   705

Table legend: (Time is in decaauts)
 A = Elapsed time spent in this place.
 B = Non-inter-level travel time spent in this place.
 C = Inter-level travel time spent in this place.
 D = Time resting spent in this place.
 E = Time spent auto-exploring this place.
 F = Levels seen in this place.
 G = Mean time per level.
                   A        B        C        D        E       F      G
               +--------+--------+--------+--------+--------+-----+--------+
         Total |  70589 |  66585 |   4004 |   4548 |  51265 |  56 | 1260.5 |
       Dungeon |  20060 |  18337 |   1723 |   1248 |  14252 |  15 | 1337.3 |
          Lair |   5970 |   5558 |    412 |    234 |   4641 |   5 | 1194.0 |
         Swamp |   4543 |   4377 |    166 |      0 |   3753 |   4 | 1135.8 |
     Snake Pit |   6248 |   5901 |    347 |    292 |   4799 |   4 | 1562.0 |
  Orcish Mines |   2084 |   1881 |    203 |    244 |   1382 |   2 | 1042.0 |
   Elven Halls |   3975 |   3807 |    168 |    370 |   2664 |   3 | 1325.0 |
        Vaults |   9884 |   9550 |    334 |   1170 |   6843 |   5 | 1976.8 |
        Depths |   5197 |   4828 |    369 |     31 |   3879 |   4 | 1299.2 |
           Zot |   8994 |   8715 |    279 |    842 |   6692 |   5 | 1798.8 |
         Abyss |   1495 |   1495 |      0 |    117 |    831 |   6 |  249.2 |
        Bazaar |     92 |     92 |      0 |      0 |     48 |   1 |   92.0 |
      Ice Cave |    509 |    509 |      0 |      0 |    366 |   1 |  509.0 |
    Desolation |   1531 |   1531 |      0 |      0 |   1113 |   1 | 1531.0 |
               +--------+--------+--------+--------+--------+-----+--------+

Top non-repeatable levels by time:
   Zot:2: 3898 daAuts
Vaults:4: 3031 daAuts
    D:12: 2294 daAuts
Vaults:5: 2182 daAuts
 Snake:3: 2152 daAuts
    D:15: 2017 daAuts
 Swamp:4: 1826 daAuts
Depths:1: 1768 daAuts
 Snake:4: 1729 daAuts
Vaults:2: 1688 daAuts
  Lair:5: 1683 daAuts
Vaults:1: 1681 daAuts
    D:14: 1635 daAuts
   Orc:2: 1547 daAuts
Desolation: 1531 daAuts
